 Dungeon Crawl Stone Soup version 0.16-b1 (webtiles) character file.

23 BLOAX the Insei (level 2, 0/14 HPs)
             Began as a Vine Stalker Transmuter on Mar 15, 2015.
             Succumbed to an adder's poison
             ... on level 2 of the Dungeon.
             The game lasted 00:01:35 (245 turns).

BLOAX the Insei (Vine Stalker Transmuter)            Turns: 245, Time: 00:01:35

Health: 0/14       AC:  3    Str: 17    XL:     2   Next: 95%
Magic:  2/7        EV: 12    Int: 13    God:
Gold:   8          SH:  0    Dex: 14    Spells: 1 memorised, 6 levels left

rFire  . . .     SeeInvis .       - Unarmed
rCold  . . .     Clarity  .     g - +0 leather armour
rNeg   . . .     SustAb   .     (no shield)
rPois  .         Gourm    .     (no helmet)
rElec  .         Spirit   +     (no cloak)
rCorr  .         Warding  .     (no gloves)
rMut   .         Stasis   .     (no boots)
MR     .....                    (no amulet)
Stlth  +.........               (no ring)
                                (no ring)

@: mighty, lethally poisoned (0 -> -1), not resistant to hostile enchantments,
very unstealthy
A: fangs 2, regeneration 1, magic shield, antimagic bite, no device heal 3, rot
immunity
a: no special abilities


You were on level 2 of the Dungeon.
You were not hungry.

You visited 1 branch of the dungeon, and saw 2 of its levels.

You collected 8 gold pieces.


Innate Abilities, Weirdness & Mutations

You have extremely sharp teeth.
Your natural rate of healing is unusually fast.
When hurt, damage is shared between your health and your magic reserves.
Your bite disrupts and absorbs the magic of your enemies.
Potions and wands cannot restore your health.
You are immune to rotting.


   Skills:
 - Level 0.8 Fighting
 - Level 1.5 Dodging
 + Level 3.4 Unarmed Combat
 + Level 3.0 Spellcasting
 - Level 2.0 Transmutations


You had 6 spell levels left.
You knew the following spells:

 Your Spells              Type           Power        Failure   Level  Hunger
a - Beastly Appendage     Trmt           #.....       14%         1    #......


Dungeon Overview and Level Annotations

Branches:
Dungeon (2/15)

Altars:

Inventory:

Missiles
 b - 12 arrows
Armour
 g - a +0 leather armour (worn)
   (You found it on level 1 of the Dungeon)
Scrolls
 e - a scroll of blinking {unknown}
Books
 d - a book of Changes

   Spells                             Type                      Level
   a - Beastly Appendage              Transmutation                1
   b - Sticks to Snakes               Transmutation                2
   c - Spider Form                    Transmutation/Poison         3
   d - Ice Form                       Ice/Transmutation            4
   e - Blade Hands                    Transmutation                5
Comestibles
 a - a bread ration

. .##. ### ....##
.. #.r.## ###.# #
#..####...###
#.##.##w)@.......#
#.......####.###.#
####.##...##<#
#...##.w..# .
###.##..### ...
#....%# ....
###...##<...#
#.......#
#.#....##


You could see a worm and a rat.


Message History

You finish taking off your +0 robe.
You finish putting on your +0 leather armour.
Drop what? 7/52 slots (_ for help) (? for menu, Esc to quit)
You drop a +0 robe.
There is an open door here.
There is a stone staircase leading down here.
You climb downwards.
A rat comes into view.
There is a stone staircase leading up here.
A giant newt comes into view.
You hit the rat.
You kill the rat!
A worm comes into view.
You see here a rat corpse.
An adder comes into view.
The adder moves out of view.
The giant newt bites you but does no damage.
Found a stone staircase leading up.
You hit the giant newt.
You kill the giant newt!
You see here a rat corpse.
You hit the adder.
The adder is lightly wounded.
The adder bites you. The adder closely misses you.
You hit the adder.
The adder is moderately wounded.
The adder misses you.
You closely miss the adder.
The adder is moderately wounded.
The adder bites you.
You are poisoned.
The adder poisons you!
You barely miss the adder.
The adder is moderately wounded.
You feel sick. The adder misses you.
You feel sick. The adder completely misses you. The adder bites you.
You feel sick. The adder bites you.
* * * LOW HITPOINT WARNING * * *
A kobold comes into view. It is wielding a dagger.
The kobold shouts!
You hit the adder but do no damage.
The adder is moderately wounded.
The adder closely misses you.
You closely miss the adder.
The adder is moderately wounded.
The adder bites you.
* * * LOW HITPOINT WARNING * * *
You hit the adder but do no damage.
The adder is moderately wounded.
The adder barely misses you. The adder bites you.
* * * LOW HITPOINT WARNING * * *
* * * LOW HITPOINT WARNING * * *
You feel sick.
A rat comes into view.
You are alive.
You are lethally poisoned (1 -> 0).
Your movement speed is average.
Your attack speed is average.
You are not resistant to hostile enchantments.
You feel very unstealthy.
Drink which item? (? for menu, Esc to quit)
It was a potion of might.
You feel very mighty all of a sudden. The kobold closely misses you.
You punch the kobold!
You kill the kobold!
You punch the adder!
You kill the adder!
Your Spellcasting skill increases to level 3!
You swing at nothing.
You die...

Action                   || total
-------------------------++-------
Melee: Unarmed           ||    47
  Use: Potion            ||     1

Vault maps used:
D:1:      matt_arrival_refuge, hangedman_decor_growths, grunt_decor_cap
D:2:      nemelex_xobeh_ov_fountains_minmay, grunt_ministairs_8, uniq_robin

Notes
Turn   | Place    | Note
--------------------------------------------------------------
     0 | D:1      | BLOAX, the Vine Stalker Transmuter, began the quest for the Orb.
     0 | D:1      | Reached XP level 1. HP: 9/9 MP: 3/3
   140 | D:1      | Reached XP level 2. HP: 14/14 MP: 6/6
   236 | D:2      | HP: 3/14 [adder (3)]
   240 | D:2      | HP: 1/14 [adder (1)]
   244 | D:2      | Reached skill level 3 in Spellcasting
   245 | D:2      | Succumbed to an adder's poison

Vanquished Creatures
  An adder (D:2)
  A giant cockroach (D:1)
  2 hobgoblins (D:1)
  A bat (D:1)
  2 giant newts
  3 goblins (D:1)
  2 kobolds
  2 rats
14 creatures vanquished.

Vault maps used:
D:1:      matt_arrival_refuge, hangedman_decor_growths, grunt_decor_cap
D:2:      nemelex_xobeh_ov_fountains_minmay, grunt_ministairs_8, uniq_robin
